 Dungeon Crawl Stone Soup version 0.24-a0-365-ga4d96b6e6e (webtiles) character file.

Game seed: 14432745300252630680

59725 HAL9000 the Slicer (level 14, -2/72 HPs)
             Began as a Vine Stalker Assassin on May 26, 2019.
             Was the Champion of Dithmenos.
             Slain by a sixfirhy (6 damage)
             ... on level 3 of the Abyss on May 27, 2019.
             The game lasted 01:02:03 (19615 turns).

HAL9000 the Slicer (Vine Stalker Assassin)         Turns: 19615, Time: 01:02:04

Health: -2/72      AC: 15    Str: 16      XL:     14   Next: 96%
Magic:  0/24       EV: 11    Int: 13      God:    Dithmenos [******]
Gold:   1210       SH:  5    Dex: 16 (17) Spells: 26/26 levels left

rFire    . . .     SeeInvis +   y - +3 short sword (elec)
rCold    . . .     Gourm    .   q - +0 buckler
rNeg     + . .     Faith    .   F - +2 ring mail {rPois}
rPois    +         Spirit   +   a - +0 helmet {SInv}
rElec    .         Reflect  .   c - +0 cloak
rCorr    .         Harm     .   A - +2 pair of gloves
MR       +....                  (no boots)
Stlth    +++++++++.             J - amulet of rage
HPRegen  1.02/turn              Q - ring of positive energy
MPRegen  0.19/turn              X - +4 ring of strength

@: about to teleport, wreathed by umbra
A: fangs 3, [deterioration 2], regeneration 2, [weak 2], magic shield, antimagic
bite, no potion heal 3, rot immunity
a: Shadow Step, Shadow Form, Renounce Religion, Evoke Berserk Rage


You were on level 3 of the Abyss.
You worshipped Dithmenos.
Dithmenos was exalted by your worship.
You were hungry.

You visited 4 branches of the dungeon, and saw 19 of its levels.
You visited the Abyss 1 time.

You collected 1210 gold pieces.

Inventory:

Hand Weapons
 y - a +3 short sword of electrocution (weapon)
Missiles
 d - 54 poisoned darts
 u - 5 javelins (quivered)
 G - 16 boomerangs
 L - 6 curare-tipped darts
 O - 6 atropa-tipped darts
 R - 8 boomerangs of dispersal
 T - 4 silver boomerangs
Armour
 a - a +0 helmet of see invisible (worn)
 c - a +0 cloak (worn)
 q - a +0 buckler (worn)
 A - a +2 pair of gloves (worn)
 F - a +2 ring mail of poison resistance (worn)
Jewellery
 m - an uncursed ring of wizardry
 J - an amulet of rage (around neck)
 Q - a ring of positive energy (left hand)
 X - a +4 ring of strength (right hand)
Wands
 e - a wand of polymorph (17)
 j - a wand of enslavement (6)
 D - a wand of digging (7)
 I - a wand of flame (36)
 N - a wand of iceblast (11)
 P - a wand of acid (7)
 Y - a wand of disintegration (18)
Scrolls
 h - a scroll of holy word {unknown}
 i - a scroll of identify
 k - 3 scrolls of blinking
 l - a scroll of fog {unknown}
 K - 3 scrolls of fear
 M - a scroll of summoning {unknown}
 U - 2 scrolls of magic mapping {unknown}
 V - 2 scrolls of silence
 W - 6 scrolls of remove curse
 Z - 2 scrolls of vulnerability
Potions
 b - 3 potions of brilliance
 g - 8 potions of flight
 n - 6 potions of agility
 s - 2 potions of resistance
 t - 4 potions of curing
 C - 2 potions of magic
 E - 4 potions of might
 H - 3 potions of ambrosia
 S - a potion of haste
Miscellaneous
 x - a phantom mirror
Comestibles
 f - 38 rations


   Skills:
 - Level 7.1 Fighting
 - Level 13.8 Short Blades
 - Level 7.7 Throwing
 - Level 9.0 Armour
 - Level 0.7 Dodging
 - Level 13.0 Stealth
 - Level 4.8 Shields
 - Level 6.6 Spellcasting
 + Level 5.0 Invocations
 + Level 4.5 Evocations


You had 26 spell levels left.
You didn't know any spells.
Your spell library contained the following spells:

 Spells                   Type           Power        Failure   Level  Hunger
 Magic Dart               Conj           #...         26%         1    None
 Searing Ray              Conj           #.....       38%         2    #......
 Dazzling Spray           Conj/Hex       #.....       63%         3    ###....
 Recall                   Summ/Tloc      N/A          63%         3    ###....
 Force Lance              Conj/Tloc      #.......     95%         4    ####...
 Fulminant Prism          Conj/Hex       #.........   95%         4    ####...
 Iskenderun's Mystic Bla  Conj           #.......     95%         4    ####...
 Aura of Abjuration       Summ           #.........   100%        5    ######.
 Summon Demon             Summ           #.........   100%        5    ######.
 Summon Forest            Summ/Tloc      #.........   100%        5    ######.
 Summon Mana Viper        Hex/Summ       #.......     100%        5    ######.
 Shadow Creatures         Summ           N/A          100%        6    #######


Dungeon Overview and Level Annotations

Branches:
Dungeon (11/15)            Temple (1/1) D:4            Lair (6/6) D:9
 Shoals (0/4) Lair:3       Spider (0/4) Lair:2        Slime (1/5) Lair:5
    Orc (0/2) D:11

Altars:
Ashenzari
Cheibriados
Dithmenos
Elyvilon
Fedhas
Gozag
Hepliaklqana
Kikubaaqudgha
Makhleb
Nemelex Xobeh
Okawaru
Qazlal
Ru
Sif Muna
Trog
Uskayaw
Vehumet
Wu Jian
Xom
Yredelemnul
The Shining One
Jiyva

Annotations:
D:7 Pikel
Lair:6 exclusion: 3 oklob plants


Innate Abilities, Weirdness & Mutations

You have razor-sharp teeth.
You heal very quickly.
When hurt, damage is shared between your health and your magic reserves.
Your bite disrupts and absorbs the magic of your enemies.
Potions cannot restore your health.
You are immune to rotting.
[Your body often deteriorates upon taking damage.]
[You are very weak. (Str -4)]


Message History

* * * LOW HITPOINT WARNING * * *
Your body deteriorates!
You feel clumsy.
You miss the sixfirhy. You bite the sixfirhy. You drain its power.
You feel invigorated.
The sixfirhy is heavily wounded.
Your shadow completely misses the sixfirhy.
The sixfirhy barely misses you.
The sixfirhy hits you but does no damage.
As you read the scroll of teleportation, it crumbles to dust.
You feel strangely unstable.
You feel the power of the Abyss delaying your translocation!
The sixfirhy hits you.
* * * LOW HITPOINT WARNING * * *
The sixfirhy shocks you!
* * * LOW HITPOINT WARNING * * *
The sixfirhy closely misses you. The sixfirhy misses you.
The sixfirhy hits you!
* * * LOW HITPOINT WARNING * * *
The sixfirhy shocks you!
You die...

#G# .# . . X.#. ##.
. GG#.#X....#
..#.##.. ..#...
.#.§§##.#...#
.#§§§.§.. .#
#.§§§*.#### #.#
#§§##.§#.#... . ##§
§##3.§..# .# .
#.#..#@§# #.. ###
#...##..### ..#
...#......#... .# .
.# .. ......#.#.#..#
# # ....##.#..#.
....# .# ..X ..#....
##...# #.# #
.#....#.#...#...#..#
# .. #..##§###.##.
#..... # ## #. #.
..#......## .


You could see a sixfirhy.

Vanquished Creatures
  A dire elephant (Lair:6)
  A rakshasa (D:11)
  A centaur warrior (D:11)
  A catoblepas (Lair:6)
  6 hydras
  2 two-headed ogres
  A queen ant (D:8)
  A deep troll shaman (Lair:6)
  6 death yaks (Lair:6)
  A thrashing horror (Abyss:3)
  A wretched star (Abyss:3)
  A soul eater (Abyss:3)
  2 unseen horrors (D:11)
  A necromancer (Abyss:3)
  An ugly thing (D:11)
  A manticore (D:11)
  A cyclops (D:11)
  Joseph (D:7)
  A worldbinder (Abyss:1)
  4 elephants (Lair:6)
  3 torpor snails
  4 black mambas
  A smoke demon (Abyss:3)
  A gargoyle (D:11)
  14 spiny frogs
  7 komodo dragons
  3 rime drakes
  A freezing wraith (Abyss:3)
  An ancient zyme (Abyss:1)
  4 trolls
  A hornet (D:8)
  5 polar bears
  9 blink frogs
  Prince Ribbit (D:7)
  A raiju (Abyss:1)
  A snapping turtle (Lair:3)
  13 dream sheep
  13 hippogriffs
  Sigmund (D:3)
  A vampire (D:11)
  34 yaks
  3 wyverns
  A ynoxinul (Abyss:3)
  10 spriggans (D:8)
  A shadow (D:11)
  A basilisk (Lair:6)
  A hungry ghost (D:9)
  A vampire mosquito (D:11)
  A chaos spawn (Abyss:1)
  14 water moccasins
  3 large abominations
  6 soldier ants
  6 porcupines
  6 orc warriors
  4 black bears
  3 sky beasts
  2 slaves (D:7)
  3 ice beasts
  3 necrophages
  10 ogres
  15 wolves
  12 centaurs
  7 crocodiles
  3 big kobolds
  2 wyvern zombies
  9 bullfrogs
  A gnoll sergeant (D:8)
  7 scorpions
  3 water moccasin skeletons
  14 killer bees
  11 wights
  4 electric eels
  5 crimson imps
  2 small abominations
  3 centaur zombies
  4 jellies
  A quasit (Abyss:1)
  2 bullfrog zombies
  5 hounds
  2 centaur skeletons
  8 orc priests
  2 bullfrog skeletons
  23 orc wizards
  4 iguanas
  7 hell rats
  25 worker ants
  A killer bee zombie (D:7)
  2 mummies (D:7)
  A worker ant zombie (D:5)
  Robin (D:3)
  14 adders
  3 gnolls (D:8)
  4 shadow imps
  2 adder skeletons
  An adder zombie (D:7)
  3 worms
  4 dart slugs
  5 leopard geckos
  46 orcs
  2 giant cockroaches
  10 goblins
  5 hobgoblins
  26 jackals
  14 kobolds
  5 quokkas
  6 bats
  5 frilled lizards
  3 leopard gecko skeletons
  2 quokka skeletons
  10 rats
  2 plants
  A starspawn tentacle (Abyss:3)
592 creatures vanquished.

Vanquished Creatures (others)
  A small abomination (Abyss:3)
  A white imp (Abyss:3)
  A bush (Lair:6)
  14 fungi
  A lurking horror (Abyss:3)
  19 plants
  3 starspawn tentacles (Abyss:3)
40 creatures vanquished.

Grand Total: 632 creatures vanquished

Notes
Turn   | Place    | Note
-------+----------+-------------------------------------------
     0 | D:1      | HAL9000 the Vine Stalker Assassin began the quest for the
                  | Orb.
     0 | D:1      | Reached XP level 1. HP: 11/11 MP: 2/2
    86 | D:1      | Reached XP level 2. HP: 12/15 MP: 1/3
   737 | D:1      | Reached XP level 3. HP: 18/18 MP: 4/4
   793 | D:1      | Found a shattered altar of Ashenzari.
  1499 | D:2      | Gained mutation: Your natural rate of healing is unusually
                  | fast. [Vine Stalker growth]
  1499 | D:2      | Reached XP level 4. HP: 18/23 MP: 3/5
  1536 | D:2      | Found a sparkling altar of Nemelex Xobeh.
  1536 | D:2      | Found a stormy altar of Qazlal.
  1537 | D:2      | Found a deep blue altar of Sif Muna.
  1771 | D:2      | Reached skill level 1 in Shields
  2058 | D:3      | Noticed Sigmund
  2073 | D:3      | Killed Sigmund
  2073 | D:3      | Reached skill level 5 in Short Blades
  2073 | D:3      | Reached XP level 5. HP: 18/26 MP: 6/6
  2073 | D:3      | Reached XP level 6. HP: 21/30 MP: 7/7
  2825 | D:3      | Noticed Robin
  2841 | D:3      | Killed Robin
  2923 | D:3      | Found a burning altar of Makhleb.
  2923 | D:3      | Noticed an Executioner
  3185 | D:4      | Found a staircase to the Ecumenical Temple.
  3204 | Temple   | Entered the Ecumenical Temple
  3267 | Temple   | Became a worshipper of Dithmenos the Shadowed
  3629 | D:4      | Reached XP level 7. HP: 33/34 MP: 8/8
  3748 | D:4      | Found a white marble altar of Elyvilon.
  3831 | D:5      | Entered Level 5 of the Dungeon
  4249 | D:5      | Reached * piety under Dithmenos
  4357 | D:5      | Found an ornate altar of the Wu Jian Council.
  4366 | D:5      | Gained mutation: You have razor-sharp teeth. [Vine Stalker
                  | growth]
  4366 | D:5      | Reached XP level 8. HP: 37/38 MP: 7/9
  4930 | D:6      | Found a burning altar of Makhleb.
  5298 | D:7      | Reached XP level 9. HP: 38/42 MP: 10/10
  5483 | D:7      | Noticed Prince Ribbit
  5613 | D:7      | Noticed Joseph
  5689 | D:7      | Reached skill level 10 in Short Blades
  5735 | D:7      | Killed Joseph
  5835 | D:7      | Reached ** piety under Dithmenos
  5921 | D:7      | Noticed Pikel
  6045 | D:7      | Killed Prince Ribbit
  6263 | D:7      | Got a jewelled plate armour
  6400 | D:7      | Found a sacrificial altar of Ru.
  6474 | D:8      | Found an opulent altar of Gozag.
  6478 | D:8      | Noticed a two-headed ogre
  6481 | D:8      | Reached XP level 10. HP: 46/46 MP: 11/11
  6530 | D:7      | Identified the +0 plate armour "Fetocaucs" {Regen+ MP+9
                  | SInv} (You found it on level 7 of the Dungeon)
  6590 | D:8      | Killed a two-headed ogre
  7118 | D:8      | Reached *** piety under Dithmenos
  7299 | D:8      | Reached XP level 11. HP: 42/50 MP: 9/12
  7402 | D:8      | Reached skill level 5 in Stealth
  7488 | D:8      | Found a hazy altar of Hepliaklqana.
  7489 | D:8      | Found a shimmering altar of Xom.
  7489 | D:8      | Noticed a thorn hunter
  7490 | D:8      | Noticed a thorn hunter
  7524 | D:8      | Reached skill level 1 in Spellcasting
  8162 | D:9      | Upgraded the game from 0.24-a0-361-g57161393b2 to
                  | 0.24-a0-365-ga4d96b6e6e
  8162 | D:9      | Found a staircase to the Lair.
  8278 | D:9      | Noticed a queen ant
  8338 | D:8      | Killed a queen ant
  8392 | D:9      | Reached **** piety under Dithmenos
  8482 | D:9      | Found a basalt altar of Yredelemnul.
  8499 | D:9      | Reached skill level 5 in Spellcasting
  9267 | Lair:1   | Entered Level 1 of the Lair of Beasts
 10501 | Lair:2   | Found a hole to the Spider Nest.
 10593 | Lair:2   | Gained mutation: You heal very quickly. [Vine Stalker
                  | growth]
 10593 | Lair:2   | Reached XP level 12. HP: 38/54 MP: 13/22
 10623 | Lair:2   | Reached skill level 10 in Stealth
 11007 | Lair:3   | Noticed a six-headed hydra
 11014 | Lair:3   | Killed a six-headed hydra
 11098 | Lair:3   | Found a staircase to the Shoals.
 11233 | Lair:3   | Reached ***** piety under Dithmenos
 11376 | Lair:3   | Noticed a six-headed hydra
 11379 | Lair:3   | Killed a six-headed hydra
 11379 | Lair:3   | Reached skill level 5 in Armour
 11581 | Lair:3   | Noticed an eight-headed hydra
 11594 | Lair:3   | Killed an eight-headed hydra
 12343 | Lair:4   | Reached skill level 5 in Throwing
 12533 | Lair:4   | Found a basalt altar of Yredelemnul.
 13036 | Lair:5   | Reached XP level 13. HP: 58/58 MP: 23/23
 13495 | Lair:5   | Found a viscous altar of Jiyva.
 13497 | Lair:5   | Found a staircase to the Slime Pits.
 13873 | Lair:6   | Entered Level 6 of the Lair of Beasts
 14010 | Slime:1  | Entered Level 1 of the Pits of Slime
 14010 | Slime:1  | Noticed an acid blob
 14010 | Slime:1  | Noticed an acid blob
 14413 | Lair:6   | Reached skill level 5 in Fighting
 14644 | Lair:6   | Reached ****** piety under Dithmenos
 15276 | Lair:6   | Got a bloodstained quarterstaff
 15413 | Lair:6   | Reached XP level 14. HP: 56/72 MP: 22/24
 15572 | Lair:6   | Noticed a dire elephant
 16310 | Lair:6   | Killed a dire elephant
 16360 | Lair:6   | Got a polished hunting sling
 16370 | Lair:6   | Got an ichor-stained robe
 16372 | Lair:6   | Identified the +1 robe of Soyt {rPois rF- MR++ rCorr} (You
                  | found it on level 6 of the Lair of Beasts)
 16374 | Lair:6   | Identified the +7 hunting sling "Defe" {velocity, *Drain
                  | Str+2 Dex+4 SInv} (You found it on level 6 of the Lair of
                  | Beasts)
 16734 | D:10     | Entered Level 10 of the Dungeon
 17725 | D:11     | Reached skill level 1 in Invocations
 17725 | D:11     | Reached skill level 1 in Evocations
 17795 | D:11     | Found a staircase to the Orcish Mines.
 18479 | D:11     | Cast into level 1 of the Abyss (kobold)
 18565 | Abyss:1  | Noticed a starcursed mass
 18671 | Abyss:1  | Noticed a starcursed mass
 18683 | Abyss:1  | Noticed a tentacled starspawn
 18720 | Abyss:1  | Noticed a tentacled starspawn
 18765 | Abyss:1  | Noticed a lich
 18765 | Abyss:1  | Noticed a tentacled starspawn
 18773 | Abyss:1  | Noticed a starcursed mass
 18780 | Abyss:1  | Found a shimmering altar of Xom.
 18891 | Abyss:1  | Noticed a yellow draconian knight
 18916 | Abyss:2  | Found a corrupted altar of Lugonu.
 19149 | Abyss:3  | Found a sparkling altar of Nemelex Xobeh.
 19205 | Abyss:3  | Noticed a tentacled starspawn
 19218 | Abyss:3  | Noticed a dire elephant
 19218 | Abyss:3  | Noticed a green draconian shifter
 19218 | Abyss:3  | Noticed a hellephant
 19308 | Abyss:3  | Reached skill level 5 in Invocations
 19338 | Abyss:3  | Noticed a tentacled starspawn
 19460 | Abyss:3  | Noticed a starcursed mass
 19615 | Abyss:3  | Slain by a sixfirhy

Levels and vault maps discovered:
D:1:      dpeg_arrival_houses_and_road, layout_basic, serial_bayou,
          serial_bayou_pond_c, serial_bayou_crossing, serial_bayou_ford_a,
          serial_bayou_pond_e, ashenzari_altar_1
D:2:      layout_loops_cross, gammafunk_temple_overflow_claw
D:3:      layout_basic, first_ration, makhleb_altar_promises_db, uniq_sigmund,
          uniq_robin
D:4:      layout_loops_ring, elyvilon_altar_1, minmay_temple_entry_glass
D:5:      layout_gridville, lemuel_doored_altar
D:6:      layout_rooms, lemuel_crystal_altar, nicolae_overflow_hidden_temple
D:7:      layout_cave_pools, nicolae_ru_path_of_blood, serial_undead,
          serial_undead_b, serial_undead_c, serial_undead_b, serial_undead_e,
          grunt_ministairs_11, minmay_diced_spiral, uniq_joseph,
          uniq_prince_ribbit1, uniq_pikel
D:8:      kb_forest_paths, layout_basic, regret_index_temple_of_mockery,
          overflow_temple_1_default, hangedman_pestilent_swarm
D:9:      layout_basic, old_standard_altar, dpeg_oklobed_lair,
          minmay_another_anthill
D:10:     layout_grid_maze
D:11:     minmay_the_grid_octo_tiled_squarecenter_mashed
          [minmay_the_grid_octo_empty, minmay_the_grid_octo_77,
          minmay_the_grid_octo_clover_2, minmay_the_grid_octo_odd_swirl,
          minmay_the_grid_square_5x5_megaprize_crossed,
          minmay_the_grid_square_5x5_z, minmay_the_grid_square_5x5_doubleslash,
          minmay_the_grid_square_5x5_inner_v, minmay_the_grid_square_5x5_six],
          layout_stronghold
Temple:   jpeg_temple_island
Lair:1:   layout_chaotic_city
Lair:2:   layout_cave_pods, spider_nest_entry_a
Lair:3:   layout_chaotic_city, minmay_shoals_entry_hut, beast_lair_carwin_9,
          grunt_megastairs_3, infiniplex_staircase_pool, serial_bayou_shore_a
Lair:4:   layout_gridlike, st_stairs_8, nicolae_quartered_pool_medium,
          bh_chokoban, lemuel_centaur_altar, lemuel_fruit_tree
Lair:5:   layout_roguey, slime_altar_1, gauntlet_entry_generic,
          beast_lair_carwin_5, grunt_megastairs_4
Lair:6:   grunt_lair_end_beastmaster, layout_small_grid, grunt_megastairs_5,
          minmay_lair_oklob_chamber, infiniplex_staircase_pool_2
Slime:1:  layout_caves
Abyss:3:  evilmike_abyss_exit_5, hangedman_decor_peaks_small

Skill      XL: |  1  2  3  4  5  6  7  8  9 10 11 12 13 14 |
---------------+-------------------------------------------+-----
Short Blades   | 2 3 5 7 9 11 13 | 13.8
Shields        | 2 3 4 |  4.8
Stealth        | 9 10 11 13 | 13.0
Spellcasting   | 6 |  6.6
Throwing       | 2 5 7 |  7.7
Armour         | 6 9 |  9.0
Fighting       | 7 |  7.1
Invocations    | 5 |  5.0
Evocations     | 4 |  4.5
Dodging        | |  0.7

Action                   |  1- 3 |  4- 6 |  7- 9 | 10-12 | 13-15 || total
-------------------------+-------+-------+-------+-------+-------++-------
Melee: Dagger            |   110 |    37 |       |       |       ||   147
       Bite              |    27 |    38 |    90 |   207 |   382 ||   744
       Short sword       |       |   101 |   315 |   752 |   966 ||  2134
Throw: Dart              |       |     6 |    17 |    18 |     9 ||    50
       Javelin           |       |       |     3 |     3 |     1 ||     7
       Boomerang         |       |       |       |    47 |    12 ||    59
Evoke: Wand              |       |       |       |       |     9 ||     9
  Use: Scroll            |       |       |     9 |    13 |    15 ||    37
       Potion            |       |       |     2 |       |       ||     2
 Stab: Sleeping          |     6 |     5 |     7 |    38 |    36 ||    92
       Distracted        |       |     1 |       |     1 |     8 ||    10
       Invisible         |       |       |       |       |     2 ||     2
  Eat: Chunk             |     2 |     7 |     9 |    19 |    21 ||    58
       Ration            |       |       |       |     1 |       ||     1
Armor: Robe              |    17 |       |       |       |       ||    17
       Leather armour    |    10 |    43 |    28 |       |       ||    81
       Ring mail         |       |       |    47 |   171 |   245 ||   463
Dodge: Dodged            |    53 |    57 |    80 |   236 |   288 ||   714
Block: Buckler           |     3 |    32 |    49 |   126 |   132 ||   342

Table legend:
 A = Non-vault XP
 B = Vault XP
 C = Vault XP percentage of total XP
 D = Non-vault monster count
 E = Vault monster count
 F = Vault count percentage of total count
                 A         B        C        D         E       F
            +---------+---------+-------+---------+---------+-------
      Total |   55432 |   29890 |  35.0 |     455 |     132 |  22.5
            +---------+---------+-------+---------+---------+-------
        D:1 |      48 |       0 |   0.0 |      25 |       0 |   0.0
        D:2 |      58 |       0 |   0.0 |      16 |       0 |   0.0
        D:3 |     137 |     249 |  64.5 |      24 |       9 |  27.3
        D:4 |     143 |       0 |   0.0 |      17 |       0 |   0.0
        D:5 |     931 |       0 |   0.0 |      31 |       0 |   0.0
        D:6 |     537 |       0 |   0.0 |      15 |       0 |   0.0
        D:7 |    1363 |    1407 |  50.8 |      33 |      13 |  28.3
        D:8 |    3244 |    4313 |  57.1 |      49 |      24 |  32.9
        D:9 |    2051 |    1062 |  34.1 |      29 |      17 |  37.0
       D:10 |    2164 |       0 |   0.0 |      34 |       0 |   0.0
       D:11 |    5948 |    4140 |  41.0 |      34 |      16 |  32.0
     Lair:1 |    1917 |       0 |   0.0 |      10 |       0 |   0.0
     Lair:2 |    1385 |       0 |   0.0 |       9 |       0 |   0.0
     Lair:3 |    7336 |    1683 |  18.7 |      22 |       7 |  24.1
     Lair:4 |    3388 |     593 |  14.9 |      18 |       5 |  21.7
     Lair:5 |    7435 |    3545 |  32.3 |      33 |      13 |  28.3
     Lair:6 |   10978 |   12898 |  54.0 |      39 |      28 |  41.8
    Abyss:1 |    1497 |       0 |   0.0 |       7 |       0 |   0.0
    Abyss:3 |    4872 |       0 |   0.0 |      10 |       0 |   0.0
            +---------+---------+-------+---------+---------+-------
